 Dungeon Crawl Stone Soup version 0.25.0-9-g26727b657a (webtiles) character file.

Game seed: 15293274571131500063

5 Esekla the Grasshopper (level 1, -1/12 HPs)
             Began as a Deep Elf Warper on June 20, 2020.
             Slain by a jackal (3 damage)
             ... on level 1 of the Dungeon.
             The game lasted 00:01:45 (266 turns).

Esekla the Grasshopper (Deep Elf Warper)             Turns: 266, Time: 00:01:46

Health: -1/12      AC:  0    Str:  8    XL:     1   Next: 66%
Magic:  6/6        EV: 13    Int: 17    God:
Gold:   5          SH:  0    Dex: 14    Spells: 6/6 levels left

rFire    . . .     SeeInvis .   a - +0 falchion
rCold    . . .     Gourm    .   (no shield)
rNeg     . . .     Faith    .   (no armour)
rPois    .         Spirit   .   (no helmet)
rElec    .         Reflect  .   (no cloak)
rCorr    .         Harm     .   (no gloves)
MR       .....                  (no boots)
Stlth    +.........             (no amulet)
HPRegen  0.04/turn              (no ring)
MPRegen  0.10/turn              (no ring)

@: no status effects
A: no striking features
a: no special abilities


You were on level 1 of the Dungeon.
You were not hungry.

You visited 1 branch of the dungeon, and saw 1 of its levels.

You collected 5 gold pieces.

Inventory:

Hand Weapons
 a - a +0 falchion (weapon)
 c - a +0 short sword
Missiles
 e - 5 boomerangs of dispersal (quivered)
 h - 11 poisoned darts
Scrolls
 d - a scroll of blinking
 j - a scroll of amnesia {unknown}
Potions
 b - a potion of invisibility {unknown}
 g - a potion of curing {unknown}
Comestibles
 f - 3 rations
 i - a chunk of flesh


   Skills:
 - Level 1.5 Fighting
 * Level 2.0 Long Blades
 + Level 1.2 Throwing
 - Level 0.7 Armour
 * Level 2.7 Dodging
 - Level 3.0 Spellcasting
   Level 3.2 Translocations


You had 6 spell levels left.
You didn't know any spells.
Your spell library contained the following spells:

 Spells                   Type           Power        Failure   Level  Hunger
 Blink                    Tloc           N/A          7%          2    ##.....
 Shroud of Golubria       Chrm/Tloc      #.....       14%         2    ##.....
 Gell's Gravitas          Tloc           ##........   14%         3    ###....
 Lesser Beckoning         Tloc           ##........   14%         3    ###....
 Teleport Other           Tloc           ##......     14%         3    ###....
 Passage of Golubria      Tloc           N/A          41%         4    ####...


Dungeon Overview and Level Annotations

Branches:
Dungeon (1/15)

Altars:


Message History

The jackal barely misses you.
You riposte.
You miss the jackal.
The jackal is almost dead.
Something unseen opens the door.
The jackal completely misses you.
You hit the jackal.
You kill the jackal!
The bat hits you. x2
A kobold comes into view. It is wielding a +0 short sword.
You don't know any spells.
Unknown command.
You hit the bat.
You kill the bat!
Your Long Blades skill increases to level 2!
The jackal bites you.
You barely miss the jackal. The jackal barely misses you.
You hit the jackal.
The jackal is moderately wounded.
The jackal bites you.
* * * LOW HITPOINT WARNING * * *
The jackal bites you.
You die...

.###### .......
.(..... .[.....
#......############
##.#
#.................#
#...
#......#...h#####.#
#...
#......#...hh@†.#.#
#...
#...hh.'..K.###.#.#
#... #.[..h.#...(#
#.#.# #.#.
#......#....# #.#.#
#######.#.
#?.....#....# #.#.#
#.........
########....#
#.#.###.######..
#....###.#.....#
#..
#........#########
###
#................#
#


You could see 3 jackals and a kobold.

Vanquished Creatures
  A jackal (D:1)
  A kobold (D:1)
  3 bats (D:1)
5 creatures vanquished.

Notes
Turn   | Place    | Note
-------+----------+-------------------------------------------
     0 | D:1      | Esekla the Deep Elf Warper began the quest for the Orb.
     0 | D:1      | Reached XP level 1. HP: 12/12 MP: 6/6
     9 | D:1      | Noticed a troll
     9 | D:1      | Noticed a dwarf
    11 | D:1      | Noticed an octopode
    11 | D:1      | Noticed a demigod
    13 | D:1      | Noticed a gargoyle
    15 | D:1      | Noticed a vampire
    17 | D:1      | Noticed a naga
    17 | D:1      | Noticed a draconian
    19 | D:1      | Noticed a merfolk
    19 | D:1      | Noticed an ogre
    22 | D:1      | Noticed a spriggan
    22 | D:1      | Noticed a demonspawn
    24 | D:1      | Noticed a halfling
    24 | D:1      | Noticed a human
    26 | D:1      | Noticed a vine stalker
    26 | D:1      | Noticed a felid
    28 | D:1      | Noticed an elf
    30 | D:1      | Noticed a formicid
    30 | D:1      | Noticed a centaur
    32 | D:1      | Noticed a tengu
    32 | D:1      | Noticed a ghoul
    34 | D:1      | Noticed a minotaur
   266 | D:1      | Slain by a jackal

Illustrated notes

Levels and vault maps discovered:
D:1:      kb_arrival_jail, layout_basic

Skill      XL: |  1 |
---------------+----+-----
Long Blades    | 2 |  2.0
Fighting       | |  1.5
Throwing       | |  1.2
Armour         | |  0.7
Dodging        | |  2.7
Spellcasting   | |  3.0
Translocations | |  3.2

Action                   || total
-------------------------++-------
Melee: Falchion          ||    13
 Stab: Sleeping          ||     1
Dodge: Dodged            ||    14
       Rpst.: Falchion   ||     4
